 Dungeon Crawl Stone Soup version 0.30-a0-779-g7971cf19c3 (webtiles) character file.

Game seed: 2212167743125915491

16802 retardedninja the Blocker (level 12, 0/97 HPs)
             Began as a Gnoll Fighter on Feb 16, 2023.
             Was a Believer of Cheibriados.
             Slain by a 19-headed hydra (12 damage)
             ... on level 11 of the Dungeon on Feb 17, 2023.
             The game lasted 00:27:08 (15718 turns).

retardedninja the Blocker (Gnoll Fighter)          Turns: 15718, Time: 00:27:09

Health: 0/97       AC: 24    Str: 25    XL:     12   Next: 41%
Magic:  22/23      EV: 15    Int: 13    God:    Cheibriados [**....]
Gold:   1022       SH:  7    Dex: 17    Spells: 26/26 levels left

rFire   . . .      SeeInvis .    a - +1 war axe (spect)
rCold   . . .      Faith    .    c - +0 buckler
rNeg    . . .      Spirit   .    F - +1 plate armour
rPois   .          Reflect  .    n - +2 helmet
rElec   .          Harm     .    (no cloak)
rCorr   .          Rampage  .    (no gloves)
Will    .....                    E - +0 pair of boots Stlth
                                 I - amulet of regeneration
HPRegen 1.16/turn                m - +5 ring of evasion
MPRegen 0.18/turn                p - +4 ring of protection

@: very slow
A: fangs 1, strong nose, distributed training
a: Renounce Religion, Bend Time


You were on level 11 of the Dungeon.
You worshipped Cheibriados.
Cheibriados was pleased with you.
You visited 2 branches of the dungeon, and saw 12 of its levels.
You also visited: Sewer, Ossuary and Bailey.

You collected 1022 gold pieces.

Inventory:

Hand Weapons
 a - a +1 spectral war axe (weapon)
Armour
 c - a +0 buckler (worn)
 n - a +2 helmet (worn)
 t - a +0 pair of gloves
 E - a +0 pair of boots (worn)
 F - a +1 plate armour (worn)
Jewellery
 b - a +6 ring of dexterity
 m - a +5 ring of evasion (left hand)
 p - a +4 ring of protection (right hand)
 I - an amulet of regeneration (around neck)
Wands
 f - a wand of paralysis (8)
 h - a wand of polymorph (7)
 u - a wand of roots (14)
 H - a wand of flame (8)
 Q - a wand of mindburst (8)
Scrolls
 k - 7 scrolls of blinking
 l - a scroll of silence
 o - 5 scrolls of immolation
 q - 3 scrolls of poison
 r - 9 scrolls of amnesia
 x - 2 scrolls of vulnerability
 y - 7 scrolls of teleportation
 z - 2 scrolls of brand weapon
 A - 3 scrolls of magic mapping
 B - 6 scrolls of fog
 D - a scroll of torment
 J - a scroll of identify
Potions
 e - 7 potions of flight
 g - 6 potions of magic
 i - a potion of attraction
 j - 5 potions of brilliance
 s - 3 potions of lignification
 v - 2 potions of ambrosia
 w - 6 potions of mutation
 C - 3 potions of cancellation
 K - 5 potions of resistance
 N - 2 potions of heal wounds
Miscellaneous
 d - a phial of floods (inert)


   Skills:
 + Level 10.0 Fighting
 + Level 7.5 Short Blades
 + Level 7.5 Long Blades
 + Level 8.9 Axes
 + Level 7.5 Maces & Flails
 + Level 7.5 Polearms
 + Level 7.5 Staves
 + Level 7.5 Ranged Weapons
 + Level 7.5 Throwing
 + Level 10.0 Armour
 + Level 7.5 Dodging
 + Level 7.5 Stealth
 + Level 10.0 Shields
 + Level 7.5 Unarmed Combat
 + Level 7.5 Spellcasting
 + Level 6.2 Conjurations
 + Level 6.2 Hexes
 + Level 6.2 Summonings
 + Level 6.2 Necromancy
 + Level 6.2 Translocations
 + Level 6.2 Transmutations
 + Level 6.2 Fire Magic
 + Level 6.2 Ice Magic
 + Level 6.2 Air Magic
 + Level 6.2 Earth Magic
 + Level 6.2 Poison Magic
 + Level 8.2 Invocations
 + Level 7.5 Evocations


You had 26 spell levels left.
You didn't know any spells.
Your spell library contained the following spells:

 Spells                   Type           Power      Damage    Failure   Level
 Apportation              Tloc           42%        N/A       14%         1
 Foxfire                  Conj/Fire      84%        2x1d8     14%         1
 Necrotise                Necr           84%        1d8       14%         1
 Sandblast                Erth           42%        2d11      14%         1
 Shock                    Conj/Air       84%        1d8       14%         1
 Sting                    Tmut/Pois      84%        1d7       14%         1
 Cigotuvi's Dreadful Rot  Necr/Pois/Air  42%        N/A       21%         2
 Ensorcelled Hibernation  Hex/Ice        42%        N/A       21%         2
 Passwall                 Tmut/Erth      17%        N/A       21%         2
 Dazzling Flash           Conj/Hex       42%        N/A       38%         3
 Ignite Poison            Fire/Tmut/Pois 21%        N/A       38%         3
 Mephitic Cloud           Conj/Pois/Air  21%        N/A       38%         3
 Stone Arrow              Conj/Erth      42%        3d9       38%         3
 Swiftness                Air            21%        N/A       38%         3
 Vhi's Electric Charge    Tloc/Air       42%        N/A       38%         3
 Airstrike                Air            10%        2d(2-18)  80%         4
 Dispel Undead            Necr           21%        3d11      80%         4
 Iskenderun's Mystic Bla  Conj/Tloc      21%        2d6       80%         4
 Leda's Liquefaction      Hex/Erth       10%        N/A       80%         4
 Sticky Flame             Conj/Fire      21%        2d4       80%         4
 Alistair's Intoxication  Tmut/Pois      14%        N/A       98%         5
 Arcjolt                  Conj/Air       10%        1d20      98%         5
 Fireball                 Conj/Fire      10%        3d6       98%         5
 Lee's Rapid Deconstruct  Erth           10%        3d8*      98%         5
 Death Channel            Necr           10%        N/A       100%        6
 Starburst                Conj/Fire      10%        6d5       100%        6
 Statue Form              Tmut/Erth      14%        N/A       100%        6
 Ignition                 Fire           10%        3d5       100%        8
 Maxwell's Capacitive Co  Air            10%        ∞         100%        8


Dungeon Overview and Level Annotations

Branches:
Dungeon (11/15)            Temple (1/1) D:5            Lair (0/5) D:10
    Orc (0/2) D:10          Sewer (visited)         Ossuary (visited)
 Bailey (visited)

Altars:
Ashenzari
Cheibriados
Dithmenos
Elyvilon
Fedhas
Gozag
Hepliaklqana
Kikubaaqudgha
Makhleb
Nemelex Xobeh
Okawaru
Qazlal
Ru
Sif Muna
Trog
Uskayaw
Vehumet
Wu Jian
Xom
Yredelemnul
Zin
The Shining One

Shops:
D:2 [   D:4 =   D:11 [

Annotations:
D:6 1 transporter, patfeehan111222's ghost, novice MiBe


Innate Abilities, Weirdness & Mutations

You have very sharp teeth.
Your uncanny sense of smell can sniff out nearby items.
Your experience applies equally to all skills.


Message History

Your +1 spectral war axe lops one of the 16-headed hydra's heads off!
The 15-headed hydra grows two more!
The 17-headed hydra bites you but does no damage.
You block the 17-headed hydra's attack.
The 17-headed hydra bites you but does no damage.
You block the 17-headed hydra's attack.
The 17-headed hydra bites you but does no damage.
The 17-headed hydra closely misses you. The 17-headed hydra bites you.
The 17-headed hydra bites you but does no damage.
The 17-headed hydra bites you. You block the 17-headed hydra's attack.
The 17-headed hydra bites you but does no damage.
You block the 17-headed hydra's attack.
The 17-headed hydra bites you but does no damage.
The 17-headed hydra completely misses you.
The 17-headed hydra misses you.
The 17-headed hydra bites you but does no damage.
The 17-headed hydra closely misses you.
You chop one of the 17-headed hydra's heads off!
The 16-headed hydra grows two more!
You slash the 18-headed hydra!
The 18-headed hydra is lightly wounded.
Your +1 spectral war axe hits the 18-headed hydra!
Your +1 spectral war axe hacks one of the 18-headed hydra's heads off!
The 17-headed hydra grows two more!
The 19-headed hydra bites you but does no damage.
The 19-headed hydra barely misses you. x2; The 19-headed hydra bites you.
* * * LOW HITPOINT WARNING * * *
The 19-headed hydra bites you but does no damage. x2
The 19-headed hydra completely misses you.
You block the 19-headed hydra's attack.
The 19-headed hydra bites you but does no damage. x2
The 19-headed hydra barely misses you. The 19-headed hydra closely misses you.
The 19-headed hydra bites you!
* * * LOW HITPOINT WARNING * * *
The 19-headed hydra bites you.
* * * LOW HITPOINT WARNING * * *
The 19-headed hydra misses you.
The 19-headed hydra completely misses you.
You block the 19-headed hydra's attack. The 19-headed hydra misses you.
The 19-headed hydra bites you!
You die...

..#....#...##..#....#...#........
..#....#...##..#....#...'........
..#....#....#..#....#...#........
..'....'....#..#....#...#........
###....#....+..#....#...'........
.......#....#..#....#...#........
.......#...##..#....#...#........
.......#...##..#....##'##........
.......#......cD@................
......)#.......#(................
.......##'###..#####.............
'##....#...##...# #.....∩.^.....
..#....'........# #.............
..#....#........# #.............
..#....#........# #.............
..#....#........# #.............
###....#........# #.............


You could see a 19-headed hydra, a centaur warrior and a friendly +1 spectral
war axe (summoned).

Vanquished Creatures
  Gastronok (D:10)
  3 two-headed ogres
  Urug (D:10)
  Nergalle (D:10)
  4 manticores
  2 ugly things
  A freezing wraith (D:11)
  A troll (D:11)
  3 hornets
  A slime creature (D:7)
  2 shadows
  7 yaks (D:10)
  A vampire (D:9)
  4 wraiths
  2 vampire mosquitoes (D:11)
  A steam dragon (D:8)
  3 wargs (D:10)
  3 acid dragons
  4 water moccasins
  2 ice beasts (D:7)
  12 orc warriors
  A sky beast (D:7)
  3 black bears
  An ogre (D:6)
  5 centaurs
  6 kobold brigands
  A gnoll sergeant (D:6)
  5 scorpions
  6 bullfrogs
  3 necrophages
  7 wights
  5 killer bees (D:9)
  A howler monkey (D:5)
  7 hounds
  2 jellies
  2 gnoll boudas
  8 orc priests
  7 iguanas
  12 orc wizards
  9 mummies
  21 gnolls
  13 adders
  5 river rats
  A shadow imp (D:7)
  A white imp (D:7)
  2 worms
  2 dart slugs
  61 orcs
  4 endoplasms
  4 giant cockroaches
  A gnoll zombie (Ossuary)
  10 hobgoblins
  5 jackals
  23 kobolds
  4 quokkas
  9 ball pythons
  14 bats
  9 frilled lizards
  18 goblins
  2 goblin zombies (D:5)
  A hobgoblin zombie (Ossuary)
  5 kobold zombies (Ossuary)
  An orc zombie (Ossuary)
  8 rats
374 creatures vanquished.

Vanquished Creatures (others)
  2 orc wizards
  A plant (D:4)
3 creatures vanquished.

Grand Total: 377 creatures vanquished

Notes
Turn   | Place    | Note
-------+----------+-------------------------------------------
     0 | D:1      | retardedninja the Gnoll Fighter began the quest for the
                  | Orb.
     0 | D:1      | Reached XP level 1. HP: 23/23 MP: 1/1
   531 | D:1      | Reached XP level 2. HP: 29/29 MP: 2/2
   993 | D:2      | Found a faded altar of an unknown god.
  1169 | D:2      | Reached XP level 3. HP: 34/35 MP: 2/4
  1278 | D:2      | Found Ysuul's Armour Shoppe.
  1292 | D:2      | Reached skill level 1 in Invocations
  1468 | D:2      | Reached skill level 1 in Short Blades
  1468 | D:2      | Reached skill level 1 in Long Blades
  1468 | D:2      | Reached skill level 1 in Maces & Flails
  1468 | D:2      | Reached skill level 1 in Polearms
  1468 | D:2      | Reached skill level 1 in Staves
  1468 | D:2      | Reached skill level 1 in Ranged Weapons
  1468 | D:2      | Reached skill level 1 in Throwing
  1468 | D:2      | Reached skill level 1 in Dodging
  1468 | D:2      | Reached skill level 1 in Stealth
  1468 | D:2      | Reached skill level 1 in Unarmed Combat
  1468 | D:2      | Reached skill level 1 in Spellcasting
  1468 | D:2      | Reached skill level 1 in Evocations
  1518 | D:2      | Reached XP level 4. HP: 41/41 MP: 5/5
  1728 | D:2      | Reached skill level 1 in Conjurations
  1728 | D:2      | Reached skill level 1 in Hexes
  1728 | D:2      | Reached skill level 1 in Summonings
  1728 | D:2      | Reached skill level 1 in Necromancy
  1728 | D:2      | Reached skill level 1 in Translocations
  1728 | D:2      | Reached skill level 1 in Transmutations
  1728 | D:2      | Reached skill level 1 in Fire Magic
  1728 | D:2      | Reached skill level 1 in Ice Magic
  1728 | D:2      | Reached skill level 1 in Air Magic
  1728 | D:2      | Reached skill level 1 in Earth Magic
  1728 | D:2      | Reached skill level 1 in Poison Magic
  1808 | D:3      | Reached XP level 5. HP: 19/47 MP: 5/7
  2183 | D:3      | Found a radiant altar of Vehumet.
  2336 | D:3      | Found an ancient bone altar of Kikubaaqudgha.
  2337 | D:3      | Found a shimmering blue altar of Sif Muna.
  2343 | D:3      | Got Kikubaaqudgha's Codex of Skeletons
  2511 | D:3      | Reached XP level 6. HP: 43/53 MP: 8/8
  2625 | D:3      | Reached skill level 5 in Axes
  2952 | D:4      | Noticed a black bear
  2970 | D:4      | Killed a black bear
  3077 | D:4      | Found Viplibadgh's Jewellery Shop.
  3163 | D:4      | Reached XP level 7. HP: 52/59 MP: 10/10
  3180 | D:4      | Found a glowing drain.
  3200 | Sewer    | Entered a sewer
  4882 | D:5      | Entered Level 5 of the Dungeon
  4958 | D:5      | Found a staircase to the Ecumenical Temple.
  5136 | D:5      | Found a sand-covered staircase.
  5180 | Ossuary  | Entered an ossuary
  5219 | Ossuary  | Reached XP level 8. HP: 43/67 MP: 12/12
  6404 | D:5      | Found a glowing silver altar of Zin.
  6620 | Temple   | Entered the Ecumenical Temple
  7315 | D:6      | Identified the +8 hand axe "Mafobuw" {heavy, rN+ rCorr
                  | Int+2}
  7334 | D:6      | Reached XP level 9. HP: 73/73 MP: 14/14
  7375 | D:6      | Found a transporter.
  7378 | D:6      | Noticed patfeehan111222's ghost (novice MiBe)
  8067 | D:6      | Found a hazy altar of Hepliaklqana.
  8077 | D:6      | Found a blossoming altar of Fedhas.
  8740 | D:7      | Upgraded the game from 0.30-a0-778-g2ef04afb54 to
                  | 0.30-a0-779-g7971cf19c3
  9248 | D:7      | Found a white marble altar of Elyvilon.
  9248 | D:7      | Found a burning altar of Makhleb.
  9251 | D:7      | Reached skill level 5 in Invocations
  9277 | D:7      | Found an iron altar of Okawaru.
  9298 | D:7      | Found an opulent altar of Gozag.
  9585 | D:7      | Reached skill level 5 in Short Blades
  9585 | D:7      | Reached skill level 5 in Long Blades
  9585 | D:7      | Reached skill level 5 in Maces & Flails
  9585 | D:7      | Reached skill level 5 in Polearms
  9585 | D:7      | Reached skill level 5 in Staves
  9585 | D:7      | Reached skill level 5 in Ranged Weapons
  9585 | D:7      | Reached skill level 5 in Throwing
  9585 | D:7      | Reached skill level 5 in Dodging
  9585 | D:7      | Reached skill level 5 in Stealth
  9585 | D:7      | Reached skill level 5 in Unarmed Combat
  9585 | D:7      | Reached skill level 5 in Spellcasting
  9585 | D:7      | Reached skill level 5 in Evocations
  9585 | D:7      | Reached XP level 10. HP: 45/81 MP: 17/17
  9830 | D:7      | Noticed a red ugly thing
  9845 | D:7      | Killed a red ugly thing
 11467 | D:8      | Found a sparkling altar of Nemelex Xobeh.
 11813 | D:9      | Found a flagged portal.
 11824 | Bailey   | Entered a bailey
 12621 | D:9      | Got the Monograph on Toxicants
 12682 | D:9      | Noticed a manticore
 12686 | D:9      | Reached skill level 5 in Conjurations
 12686 | D:9      | Reached skill level 5 in Hexes
 12686 | D:9      | Reached skill level 5 in Summonings
 12686 | D:9      | Reached skill level 5 in Necromancy
 12686 | D:9      | Reached skill level 5 in Translocations
 12686 | D:9      | Reached skill level 5 in Transmutations
 12686 | D:9      | Reached skill level 5 in Fire Magic
 12686 | D:9      | Reached skill level 5 in Ice Magic
 12686 | D:9      | Reached skill level 5 in Air Magic
 12686 | D:9      | Reached skill level 5 in Earth Magic
 12686 | D:9      | Reached skill level 5 in Poison Magic
 12692 | D:9      | Reached XP level 11. HP: 61/89 MP: 20/20
 12763 | D:9      | Killed a manticore
 12958 | D:9      | Found a snail-covered altar of Cheibriados.
 12966 | D:9      | Paralysed by a kobold brigand for 3 turns
 13002 | D:9      | Became a worshipper of Cheibriados the Contemplative
 13190 | D:9      | Noticed a two-headed ogre
 13195 | D:9      | Killed a two-headed ogre
 13471 | D:10     | Entered Level 10 of the Dungeon
 13511 | D:10     | Noticed Gastronok
 13527 | D:10     | Killed Gastronok
 13707 | D:10     | Noticed Nergalle
 13721 | D:10     | Killed Nergalle
 13778 | D:10     | Noticed a two-headed ogre
 13787 | D:10     | Killed a two-headed ogre
 13787 | D:10     | Reached * piety under Cheibriados
 13791 | D:10     | Found a staircase to the Lair.
 13857 | D:10     | Identified the +1 scale mail "Feoclin" {rC++ Str-5 Dex+6}
 14098 | D:10     | Found a staircase to the Orcish Mines.
 14098 | D:10     | Noticed Urug
 14109 | D:10     | Killed Urug
 14110 | D:10     | Reached XP level 12. HP: 97/97 MP: 22/22
 14137 | D:10     | Reached ** piety under Cheibriados
 14837 | D:11     | Found Tiriuch's Armour Boutique.
 14896 | D:11     | Noticed a two-headed ogre
 14930 | D:11     | Noticed a four-headed hydra
 14934 | D:11     | Killed a two-headed ogre
 14935 | D:11     | Reached skill level 10 in Fighting
 14935 | D:11     | Reached skill level 10 in Armour
 14935 | D:11     | Reached skill level 10 in Shields
 15710 | D:11     | Noticed a centaur warrior
 15718 | D:11     | Slain by a 19-headed hydra

Illustrated notes

Levels and vault maps discovered:
D:1:      amcnicky_arrival_underground_garden, layout_loops_corners
D:2:      layout_rooms, serial_shops, shop, nicolae_ecumenical_oubliette,
          minmay_misc_feat_hallway, minmay_distorted
D:3:      layout_basic, grunt_temple_overflow_magic_moments
D:4:      corexii_shantytown, layout_basic, gup_sewer_entry_bubbles,
          serial_shops, shop, dk_noncrumbling_4, minivault_19, st_stairs_10
D:5:      layout_rooms, lemuel_doored_altar, temple_statues,
          nicolae_ossuary_entry_giza, kennysheep_doodads, lemuel_flamethrower_1
D:6:      layout_rooms, mainiacjoe_overflow_big_doors, gammafunk_ghost_smash
D:7:      minmay_slanted_spiral_squares, layout_basic, okawaru_gym_becter,
          nicolae_gozag_cash_rules_everything_around_me,
          gammafunk_temple_overflow_wave, minmay_misc_feat_roman,
          nzn_random_ring
D:8:      hellmonk_ruined_rings, layout_loops_ring, nemelex_diamond_rough_becter
D:9:      layout_stronghold, amcnicky_altar_gilded, enter_bailey_8, minmay_bent
D:10:     layout_basic, erik_lair_orcish_takeover,
          minmay_orc_entry_temple_small, uniq_nergalle, uniq_gastronok,
          uniq_urug
D:11:     layout_gridville, serial_shops, shop, minmay_pinched_square
Temple:   hellmonk_temple_micro_hex

Skill      XL: |  1  2  3  4  5  6  7  8  9 10 11 12 |
---------------+-------------------------------------+-----
Invocations    | 1 2 3 4 5 6 7 8 |  8.2
Short Blades   | 1 2 3 5 6 7 |  7.5
Long Blades    | 1 2 3 5 6 7 |  7.5
Maces & Flails | 1 2 3 5 6 7 |  7.5
Polearms       | 1 2 3 5 6 7 |  7.5
Staves         | 1 2 3 5 6 7 |  7.5
Ranged Weapons | 1 2 3 5 6 7 |  7.5
Throwing       | 1 2 3 5 6 7 |  7.5
Dodging        | 1 2 3 5 6 7 |  7.5
Stealth        | 1 2 3 5 6 7 |  7.5
Unarmed Combat | 1 2 3 5 6 7 |  7.5
Spellcasting   | 1 2 3 5 6 7 |  7.5
Evocations     | 1 2 3 5 6 7 |  7.5
Conjurations   | 1 2 3 4 5 6 |  6.2
Hexes          | 1 2 3 4 5 6 |  6.2
Summonings     | 1 2 3 4 5 6 |  6.2
Necromancy     | 1 2 3 4 5 6 |  6.2
Translocations | 1 2 3 4 5 6 |  6.2
Transmutations | 1 2 3 4 5 6 |  6.2
Fire Magic     | 1 2 3 4 5 6 |  6.2
Ice Magic      | 1 2 3 4 5 6 |  6.2
Air Magic      | 1 2 3 4 5 6 |  6.2
Earth Magic    | 1 2 3 4 5 6 |  6.2
Poison Magic   | 1 2 3 4 5 6 |  6.2
Axes           | 5 6 7 8 |  8.9
Fighting       | 7 8 9 10 | 10.0
Armour         | 7 8 9 10 | 10.0
Shields        | 7 8 9 10 | 10.0

Action                     |  1- 3 |  4- 6 |  7- 9 | 10-12 || total
---------------------------+-------+-------+-------+-------++-------
  Melee: War axe           |    92 |   177 |   442 |   440 ||  1151
         Bite              |    13 |    10 |    63 |    61 ||   147
  Throw: Boomerang         |    44 |     1 |       |       ||    45
         Throwing net      |       |     7 |       |       ||     7
 Invoke: Bend Time         |       |       |       |     1 ||     1
  Evoke: Wand              |       |     1 |       |     1 ||     2
         Phial of floods   |       |       |       |     1 ||     1
    Use: Scroll            |       |       |    21 |     7 ||    28
         Potion            |       |       |     9 |     9 ||    18
   Stab: Invisible         |       |       |     8 |     7 ||    15
         Distracted        |       |       |     3 |     6 ||     9
 Armour: Scale mail        |    56 |   108 |   231 |    40 ||   435
         Plate armour      |       |       |       |   211 ||   211
         Skin              |       |       |       |     3 ||     3
  Dodge: Dodged            |    52 |    94 |   247 |   290 ||   683
  Block: Buckler           |    38 |    51 |   133 |   151 ||   373

Table legend: (Time is in decaauts)
 A = Elapsed time spent in this place.
 B = Non-inter-level travel time spent in this place.
 C = Inter-level travel time spent in this place.
 D = Time resting spent in this place.
 E = Time spent auto-exploring this place.
 F = Levels seen in this place.
 G = Mean time per level.
                   A        B        C        D        E       F      G
               +--------+--------+--------+--------+--------+-----+--------+
         Total |  16707 |  16232 |    475 |   5131 |   7866 |  15 | 1113.8 |
       Dungeon |  14478 |  14005 |    473 |   3896 |   7492 |  11 | 1316.2 |
        Temple |      6 |      5 |      1 |      0 |      0 |   1 |    6.0 |
         Sewer |    476 |    476 |      0 |     50 |    162 |   1 |  476.0 |
       Ossuary |   1011 |   1011 |      0 |    753 |     64 |   1 | 1011.0 |
        Bailey |    734 |    734 |      0 |    432 |    147 |   1 |  734.0 |
               +--------+--------+--------+--------+--------+-----+--------+

Top non-repeatable levels by time:
     D:7: 2074 daAuts
     D:4: 1645 daAuts
    D:11: 1524 daAuts
     D:6: 1486 daAuts
     D:5: 1263 daAuts
    D:10: 1257 daAuts
     D:3: 1196 daAuts
     D:9: 1106 daAuts
     D:8: 1094 daAuts
     D:1: 1055 daAuts
 Ossuary: 1011 daAuts
     D:2: 772 daAuts
  Bailey: 734 daAuts
   Sewer: 476 daAuts
  Temple: 6 daAuts
